 Dungeon Crawl Stone Soup version 0.22.1-2-g9c5b331383 (webtiles) character file.

84 Marnok the Chucker (level 4, -2/37 HPs)
             Began as a Centaur Hunter on Dec 7, 2018.
             Slain by Sigmund
             ... wielding a +0 scythe
              (8 damage)
             ... on level 3 of the Dungeon.
             The game lasted 00:07:42 (1857 turns).

Marnok the Chucker (Centaur Hunter)                 Turns: 1857, Time: 00:07:43

Health: -2/37      AC:  5    Str: 16    XL:     4   Next: 24%
Magic:  4/4        EV:  9    Int: 10    God:
Gold:   113        SH:  0    Dex:  9    Spells: 3/3 levels left

rFire    x . .     SeeInvis .   k - +2 short sword (speed)
rCold    + . .     Gourm    .   (no shield)
rNeg     . . .     Faith    .   b - +1 leather armour
rPois    .         Spirit   .   (no helmet)
rElec    .         Reflect  .   (no cloak)
rCorr    .         Harm     .   (no gloves)
MR       .....                  (no barding)
Stlth    +.........             (no amulet)
HPRegen  0.12/turn              e - ring of ice
MPRegen  0.09/turn              (no ring)

@: flying, very quick
A: large, hooves 3, deformed body, speed 2, tough skin 3
a: no special abilities


You were on level 3 of the Dungeon.
You were not hungry.

You visited 1 branch of the dungeon, and saw 6 of its levels.

You collected 113 gold pieces.

Inventory:

Hand Weapons
 a - a +1 short sword
 k - a +2 short sword of speed (weapon)
Missiles
 c - 3 javelins (quivered)
 d - 2 throwing nets
Armour
 b - a +1 leather armour (worn)
 i - a +0 chain mail
Jewellery
 e - a ring of ice (left hand)
Scrolls
 g - a scroll of identify
Comestibles
 f - 3 rations
 h - 5 chunks of flesh


   Skills:
 + Level 2.4 Fighting
 + Level 1.2 Short Blades
 + Level 5.1 Throwing
 + Level 0.8 Armour
 + Level 1.9 Dodging
 + Level 0.4 Stealth


You had 3 spell levels left.
You didn't know any spells.
Your spell library was empty.

Dungeon Overview and Level Annotations

Branches:
Dungeon (6/15)
 Temple: D:4-7

Altars:

Annotations:
D:3 Sigmund


Innate Abilities, Weirdness & Mutations

You have hooves in place of feet.
Armour fits poorly on your strangely shaped body.
You cover ground very quickly.
You have extremely tough skin. (AC +3)


Message History

You feel very buoyant.
You fly up into the air.
Something hits you.
Things that are here:
a javelin; a leopard gecko corpse You miss something.
Your kick misses something. You closely miss something.
Something hits you but does no damage.
You hit something. You kick something. You barely miss something.
You hit something. You kick something! Something hits you.
You closely miss something. You closely miss something. You kick something.
Something hits you!
You miss something.
As you read the scroll labeled LYET URECS, it crumbles to dust.
It is a scroll of identify.
i - a +0 chain mail Something hits you.
* * * LOW HITPOINT WARNING * * *
Something hits you!
You die...

#......#.....# #
#......#.....# ##
#......#.....# .#
#......#.....# .#
#...<..#.....# .#
#......#.....# .#
#.........(.{## .#
######..##.#(.# .# ##
#...#.##@# ## .. .........#
####.+########+..#
#...#........#.##
#...#.'####+.#.#
#...#.#....#.#.# #########
#...#.#.##.#.#.# #.......#
#.).#[#.##.#.#.# #.†.....#
##...#.#....#.#.###..†....#


There were no monsters in sight!

Vanquished Creatures
  2 adders (D:2)
  An adder skeleton (D:4)
  3 leopard geckos
  4 orcs (D:3)
  3 giant cockroaches (D:3)
  5 hobgoblins
  12 jackals
  A quokka (D:3)
  A ball python (D:2)
  3 bats (D:3)
  2 frilled lizards (D:3)
  3 goblins
  6 kobolds
  A quokka zombie (D:3)
  6 rats
53 creatures vanquished.

Notes
Turn   | Place    | Note
-------+----------+-------------------------------------------
     0 | D:1      | Marnok the Centaur Hunter began the quest for the Orb.
     0 | D:1      | Reached XP level 1. HP: 17/17 MP: 1/1
   169 | D:2      | Reached XP level 2. HP: 9/24 MP: 2/2
   440 | D:2      | Reached skill level 5 in Throwing
   966 | D:2      | Reached XP level 3. HP: 29/29 MP: 3/3
  1179 | D:2      | Reached skill level 1 in Short Blades
  1693 | D:5      | Entered Level 5 of the Dungeon
  1720 | D:4      | Reached XP level 4. HP: 37/37 MP: 4/4
  1842 | D:3      | Noticed Sigmund
  1857 | D:3      | Slain by Sigmund

Skill      XL: |  1  2  3 |
---------------+----------+-----
Throwing       | 5 |  5.1
Short Blades   | 1 |  1.2
Fighting       | |  2.4
Armour         | |  0.8
Dodging        | |  1.9
Stealth        | |  0.4

Action                   |  1- 3 |  4- 6 || total
-------------------------+-------+-------++-------
Melee: Short sword       |   118 |    32 ||   150
       Kick              |    22 |    10 ||    32
Throw: Javelin           |     6 |     3 ||     9
  Use: Scroll            |     3 |     1 ||     4
       Potion            |     1 |     1 ||     2
  Eat: Chunk             |     2 |       ||     2
Armor: Leather armour    |    76 |     4 ||    80
Dodge: Dodged            |    99 |     5 ||   104
